[Event "Titled Tuesday Blitz February 22 Early 2022"]
[White "Berezin, Viktor"]
[Black "Guseva, Marina"]
[WhiteFideId "14107872"]
[BlackFideId "4149351"]
[WhiteElo "2310"]
[BlackElo "2232"]
[Result "1-0"]
[Round "08"]
[TimeControl "180+1"]
[Date "2022.02.22"]
[WhiteClock "0:00:06"]
[BlackClock "0:00:01"]

1. d4 d5 2. c4 c6 3. Nf3 Nf6 4. g3 dxc4 5. Qc2 b5 6. a4 Bb7 7. Bg2 a6 8. O-O e6 9. b3 cxb3 10. Qxb3 Nbd7 11. Nbd2 Be7 12. e4 O-O 13. Bb2 Nb6 14. a5 Nbd7 15. e5 Nd5 16. Ne4 c5 17. dxc5 Nxc5 18. Nxc5 Bxc5 19. Rfc1 Bb4 20. Nd4 Bxa5 21. Nc6 Bxc6 22. Rxc6 Bb6 23. Rd6 Qc7 24. Bxd5 exd5 25. Rd1 Qa7 26. Rd2 Rad8 27. Qxd5 h6 28. e6 Rxd6 29. Qxd6 fxe6 30. Qxe6+ Rf7 31. Kg2 Qb7+ 32. Kh3 Bc5 33. f4 Bf8 34. Rd8 Qe7 35. Qd5 b4 36. f5 Qb7 37. Qe6 Qf3 38. f6 Qh5+ 39. Kg2 Kh7 40. fxg7 1-0


[Site "https://www.chess.com"]

[Event "Titled Tuesday Blitz February 22 Early 2022"]
[White "Blohberger, Felix"]
[Black "Petrosyan, Manuel"]
[WhiteFideId "1632051"]
[BlackFideId "13300857"]
[WhiteElo "2474"]
[BlackElo "2592"]
[Result "1-0"]
[Round "08"]
[TimeControl "180+1"]
[Date "2022.02.22"]
[WhiteClock "0:00:40"]
[BlackClock "0:00:02"]

1. d4 Nf6 2. Nf3 d5 3. Bf4 Bf5 4. e3 e6 5. Bd3 Bxd3 6. Qxd3 c5 7. O-O Nc6 8. c3 Bd6 9. Bg5 O-O 10. Nbd2 h6 11. Bh4 cxd4 12. exd4 Rb8 13. Rfe1 Be7 14. Bg3 Rc8 15. h3 a6 16. a4 Qb6 17. b4 Qd8 18. Bh4 a5 19. b5 Nb8 20. Bxf6 Bxf6 21. c4 dxc4 22. Nxc4 Nd7 23. Rad1 Nb6 24. Nxb6 Qxb6 25. Rc1 Rcd8 26. Qe4 Rd5 27. Rc5 Bxd4 28. Rc2 Rfd8 29. Kf1 Bf6 30. Rec1 Qd6 31. g3 g6 32. h4 h5 33. Kg2 Kg7 34. Rc8 Rxc8 35. Rxc8 Qa3 36. Rc7 Rf5 37. Rxb7 Bc3 38. Rd7 Bb4 39. Qd4+ Kh7 40. Ng5+ Rxg5 41. Rxf7+ 1-0


[Site "https://www.chess.com"]

[Event "Titled Tuesday Blitz February 22 Early 2022"]
[White "Borisova, Ekaterina"]
[Black "Hess, Robert"]
[WhiteFideId "34124184"]
[BlackFideId "2022036"]
[WhiteElo "2581"]
[BlackElo "2791"]
[Result "0-1"]
[Round "08"]
[TimeControl "180+1"]
[Date "2022.02.22"]
[WhiteClock "0:00:01"]
[BlackClock "0:00:40"]

1. d4 g6 2. e4 Bg7 3. Nc3 d6 4. Be3 a6 5. a4 e6 6. Qd2 h6 7. O-O-O Ne7 8. Kb1 Nd7 9. h4 b5 10. h5 g5 11. f4 gxf4 12. Bxf4 Bb7 13. Nf3 b4 14. Na2 Bxe4 15. Nxb4 a5 16. Na2 Qb8 17. Bd3 Bc6 18. Nc3 Qb4 19. Bb5 Rb8 20. b3 Nd5 21. Nxd5 Bxd5 22. Qxb4 axb4 23. Rhe1 Ke7 24. Re2 Nf6 25. Rh1 Ne4 26. Bd2 Ng3 27. Rh3 Nxe2 28. Bxe2 Bxf3 29. Bxf3 Bxd4 30. Rh4 c5 31. Re4 f5 32. Re2 e5 33. Bd5 e4 34. g4 Rhg8 35. gxf5 Rg1+ 36. Bc1 e3 0-1


[Site "https://www.chess.com"]

[Event "Titled Tuesday Blitz February 22 Early 2022"]
[White "Budrewicz, Krzysztof"]
[Black "Nur-Mukhametova, Alisa"]
[WhiteFideId "1127950"]
[BlackFideId "54117739"]
[WhiteElo "2248"]
[BlackElo "2015"]
[Result "0-1"]
[Round "08"]
[TimeControl "180+1"]
[Date "2022.02.22"]
[WhiteClock "0:00:26"]
[BlackClock "0:00:14"]

1. h4 e5 2. h5 d5 3. d4 exd4 4. Qxd4 Nc6 5. Qd1 h6 6. Nf3 Nf6 7. Bf4 Bf5 8. e3 Bd6 9. Bxd6 Qxd6 10. c3 O-O 11. Nbd2 Bg4 12. Be2 Bxh5 13. Qb3 Na5 14. Qb4 Qxb4 15. cxb4 Nc6 16. a3 Bg6 17. Rc1 Rac8 18. Nb3 Rfe8 19. Nc5 Nd8 20. Nd4 Ne4 21. Nxe4 Bxe4 22. f3 Bg6 23. Kf2 a6 24. b5 axb5 25. Nxb5 Ne6 26. Rhd1 Red8 27. Nc3 c6 28. Na4 Ra8 29. Nc5 Nxc5 30. Rxc5 Re8 31. Rd4 Re7 32. Rb4 Rae8 33. Rc3 Bf5 34. Bf1 h5 35. a4 g6 36. a5 Ra8 37. a6 bxa6 38. Rxc6 a5 39. Rb5 Bd7 40. Rb7 Bxc6 41. Rxe7 Rb8 42. Rc7 Rxb2+ 43. Kg3 Rb6 44. Ra7 a4 45. Kf4 Kg7 46. Ke5 Bb5 47. Bxb5 Rxb5 48. Rxa4 Rb2 49. g3 Rg2 50. Kf4 f6 51. g4 hxg4 52. fxg4 Rf2+ 53. Kg3 Re2 54. Kf3 Re1 55. Rd4 Rf1+ 56. Kg2 Re1 57. Kf2 Ra1 58. Rxd5 Kh6 59. Kf3 Rf1+ 60. Kg3 Rg1+ 61. Kf4 g5+ 62. Kf3 Kg6 63. Rd6 Rf1+ 64. Kg2 Re1 65. Kf2 Ra1 66. Rc6 Ra4 67. Kf3 Ra3 68. Rc4 Rb3 69. Ke4 Rb2 70. Kd5 Re2 71. Re4 Rd2+ 72. Ke6 Re2 73. Ke7 Kg7 74. Re6 Re1 75. e4 Re2 76. Ke8 Re1 77. Re7+ Kg6 78. Kf8 Rg1 79. Rg7+ Kh6 80. Kf7 Rxg4 81. Rg6+ Kh5 82. Rxf6 Rxe4 83. Rf1 Rf4+ 0-1


[Site "https://www.chess.com"]

[Event "Titled Tuesday Blitz February 22 Early 2022"]
[White "Buscar, Michael"]
[Black "Ianov, Viktor"]
[WhiteFideId "2603616"]
[BlackFideId "14102730"]
[WhiteElo "2010"]
[BlackElo "2215"]
[Result "1-0"]
[Round "08"]
[TimeControl "180+1"]
[Date "2022.02.22"]
[WhiteClock "0:00:21"]
[BlackClock "0:00:35"]

1. c4 d6 2. g3 g6 3. Bg2 Bg7 4. e4 Nf6 5. d3 c5 6. Ne2 Nc6 7. Nbc3 O-O 8. h4 Bg4 9. f3 Bd7 10. Be3 a6 11. Qd2 Rb8 12. h5 Nxh5 13. Rxh5 gxh5 14. Bh6 e6 15. O-O-O Qf6 16. Bg5 Qg6 17. Rh1 h6 18. Be3 e5 19. Nd5 b5 20. f4 f5 21. Bf3 bxc4 22. Bxh5 Qe6 23. dxc4 fxe4 24. g4 exf4 25. Nexf4 Qe5 26. Ng6 Qxb2+ 27. Qxb2 Bxb2+ 28. Kc2 Bg7 29. Nxf8 Rxf8 30. Rb1 Nd4+ 31. Kd2 Be6 32. Rb6 Bxd5 33. cxd5 Rf6 34. Rxa6 Nf3+ 35. Ke2 Nd4+ 36. Kd2 Nf3+ 37. Kd1 Nd4 38. Ra8+ Kh7 39. Ra7 Rf3 40. Kd2 Rh3 41. Bf4 Rd3+ 42. Ke1 Nb5 43. Re7 Rxd5 44. Rxe4 Be5 45. Bf7 Rd4 46. Rxd4 cxd4 47. Bd2 Kg7 48. Bc4 Na3 49. Bd3 Bf6 50. Bb4 Bh4+ 51. Ke2 Bf6 52. Bxa3 Be5 53. Bc1 Kf6 54. Bxh6 Ke7 55. a4 Kd7 56. a5 Kc6 57. a6 Kb6 58. g5 d5 59. g6 Ka7 60. g7 Bxg7 61. Bxg7 Kb6 62. Bxd4+ 1-0


[Site "https://www.chess.com"]

[Event "Titled Tuesday Blitz February 22 Early 2022"]
[White "Carlsson, Ludvig"]
[Black "Sahil, Tickoo"]
[WhiteFideId "1727010"]
[BlackFideId "5019710"]
[WhiteElo "2545"]
[BlackElo "2315"]
[Result "1-0"]
[Round "08"]
[TimeControl "180+1"]
[Date "2022.02.22"]
[WhiteClock "0:00:12"]
[BlackClock "0:00:05"]

1. e4 c5 2. Nf3 d6 3. d4 cxd4 4. Nxd4 Nf6 5. Nc3 a6 6. Bg5 e6 7. f4 Be7 8. Qf3 Qc7 9. O-O-O Nbd7 10. g4 h6 11. Bxf6 Bxf6 12. h4 Nb6 13. g5 Bxd4 14. Rxd4 Bd7 15. Qd3 Bc6 16. Rxd6 Ke7 17. Rd4 Qxf4+ 18. Kb1 Rad8 19. Nd5+ Bxd5 20. exd5 Qd6 21. Bg2 hxg5 22. hxg5 Rxh1+ 23. Bxh1 Qh2 24. d6+ Rxd6 25. Rxd6 Qxd6 26. Qxd6+ Kxd6 27. Bxb7 a5 28. b3 f6 29. gxf6 gxf6 30. c4 Kc5 31. Kc2 Kd4 32. Bg2 f5 33. Bh3 Ke4 34. Kc3 e5 35. a3 f4 36. c5 Nd5+ 37. Kd2 Ne3 38. c6 1-0


[Site "https://www.chess.com"]

[Event "Titled Tuesday Blitz February 22 Early 2022"]
[White "Chigaev, Maksim"]
[Black "Bortnyk, Olexandr"]
[WhiteFideId "4108116"]
[BlackFideId "14120828"]
[WhiteElo "2502"]
[BlackElo "2723"]
[Result "0-1"]
[Round "08"]
[TimeControl "180+1"]
[Date "2022.02.22"]
[WhiteClock "0:00:04"]
[BlackClock "0:00:28"]

1. d4 f5 2. Bg5 c6 3. Nc3 d5 4. Qd2 g6 5. h4 h6 6. Bf4 Bg7 7. f3 Nf6 8. O-O-O b5 9. Kb1 Be6 10. e3 a5 11. Nge2 a4 12. a3 Na6 13. Na2 Qb6 14. Nec1 Nd7 15. Nd3 c5 16. dxc5 Naxc5 17. Nab4 O-O 18. Be2 Rac8 19. Bg3 Bf7 20. Nf4 Qf6 21. c3 Nb3 22. Qe1 e6 23. Bxb5 Nb6 24. h5 g5 25. Ng6 Bxg6 26. hxg6 Nc4 27. Bxc4 Rxc4 28. Qe2 Qxg6 29. Qc2 Rfc8 30. Rhe1 Bxc3 31. bxc3 Rxc3 32. Qb2 f4+ 33. e4 dxe4 34. Ka2 e3 35. Bh2 Rc2 0-1


[Site "https://www.chess.com"]

[Event "Titled Tuesday Blitz February 22 Early 2022"]
[White "Chincholimath, Halsagar"]
[Black "Clawitter, Craig"]
[WhiteFideId "5022487"]
[BlackFideId "2023105"]
[WhiteElo "1737"]
[BlackElo "2208"]
[Result "1-0"]
[Round "08"]
[TimeControl "180+1"]
[Date "2022.02.22"]
[WhiteClock "0:00:45"]
[BlackClock "0:00:26"]

1. e4 e6 2. d4 d5 3. e5 c5 4. Nf3 Nc6 5. Bd3 cxd4 6. O-O Qc7 7. Re1 Nge7 8. Bf4 Ng6 9. Bg3 Be7 10. h4 Bd7 11. h5 Nf8 12. c3 dxc3 13. Nxc3 Nb4 14. Bf1 a6 15. a3 Nc6 16. Nxd5 exd5 17. e6 Qb6 18. exf7+ Kxf7 19. Qxd5+ Be6 20. Rxe6 Nxe6 21. Bc4 Na5 22. Qf5+ Bf6 23. Ng5+ Ke7 24. Bxe6 Rhe8 25. Re1 Rad8 26. Bd5+ Kf8 27. Nxh7# 1-0


[Site "https://www.chess.com"]

[Event "Titled Tuesday Blitz February 22 Early 2022"]
[White "Chojnacki, Slawomir"]
[Black "Zemerov, Vladimir"]
[WhiteFideId "1117076"]
[BlackFideId "4111583"]
[WhiteElo "2084"]
[BlackElo "2277"]
[Result "1-0"]
[Round "08"]
[TimeControl "180+1"]
[Date "2022.02.22"]
[WhiteClock "0:00:45"]
[BlackClock "0:00:30"]

1. d4 Nf6 2. Nf3 g6 3. c3 Bg7 4. Bg5 d6 5. Nbd2 h6 6. Bh4 O-O 7. e4 Nbd7 8. e5 Nd5 9. Bc4 N5b6 10. e6 Nxc4 11. exf7+ Rxf7 12. Nxc4 Qf8 13. O-O g5 14. Bg3 Nb6 15. Ne3 Bd7 16. h4 g4 17. Nd2 h5 18. Qb3 Kh8 19. a4 e5 20. dxe5 dxe5 21. a5 Nc8 22. Qxb7 Nd6 23. Qd5 Re8 24. Qc5 Bc8 25. Qxa7 Nf5 26. Nxf5 Bxf5 27. Qe3 Rd7 28. Ne4 Qf7 29. a6 Rdd8 30. a7 Qg6 31. Ng5 Bd3 32. Rfd1 e4 33. Nxe4 Rxe4 34. Qxd3 Rxd3 35. a8=Q+ Re8 36. Qxe8+ Qxe8 37. Rxd3 Qb8 38. b4 Kh7 39. Rad1 Qb5 40. Rd7 Qc4 41. Be5 Kg6 42. Rxg7+ Kf5 43. Rg5+ Ke4 44. Bd4 Kf4 45. Be3+ Ke4 46. Rd4+ Qxd4 47. Bxd4 Kd3 48. Rxh5 Kc4 49. Rc5+ Kd3 50. Rxc7 Ke4 51. b5 Kf4 52. b6 Ke4 53. b7 Kd5 54. b8=Q Ke4 55. Qd8 Kd3 56. Bf6+ Ke2 57. Re7# 1-0


[Site "https://www.chess.com"]

[Event "Titled Tuesday Blitz February 22 Early 2022"]
[White "Cramling Bellon, Anna"]
[Black "Grieve, Harry"]
[WhiteFideId "32009232"]
[BlackFideId "426520"]
[WhiteElo "1905"]
[BlackElo "2294"]
[Result "1-0"]
[Round "08"]
[TimeControl "180+1"]
[Date "2022.02.22"]
[WhiteClock "0:00:01"]
[BlackClock "0:00:02"]

1. d4 f5 2. e4 fxe4 3. Nc3 Nf6 4. Bg5 g6 5. h4 d5 6. h5 Bf5 7. Bxf6 exf6 8. g4 Be6 9. hxg6 Qd7 10. Be2 Nc6 11. Qd2 O-O-O 12. O-O-O Bb4 13. Rxh7 Rxh7 14. gxh7 Qxh7 15. f3 f5 16. gxf5 Bxf5 17. fxe4 dxe4 18. Qe3 Kb8 19. Bb5 Ne7 20. Nge2 a6 21. Bc4 Nc6 22. Ng3 Bg6 23. Rh1 Qd7 24. d5 Ne5 25. Bb3 Ng4 26. Qd4 Bd6 27. Ngxe4 Be5 28. Qb4 Bf4+ 29. Kb1 Bxe4 30. Nxe4 Qf5 31. Nc5 b6 32. Nxa6+ Kc8 33. Qb5 Bd6 34. Nb4 Ne5 35. Qxb6 cxb6 36. Nc6 1-0


[Site "https://www.chess.com"]

[Event "Titled Tuesday Blitz February 22 Early 2022"]
[White "Csonka, Balazs"]
[Black "Guliev, Logman"]
[WhiteFideId "742910"]
[BlackFideId "13400061"]
[WhiteElo "2404"]
[BlackElo "2128"]
[Result "1/2-1/2"]
[Round "08"]
[TimeControl "180+1"]
[Date "2022.02.22"]
[WhiteClock "0:00:07"]
[BlackClock "0:00:02"]

1. e4 c5 2. Nf3 d6 3. d4 cxd4 4. Nxd4 Nf6 5. Nc3 Nc6 6. Bg5 e6 7. Bb5 Bd7 8. Qd3 Be7 9. O-O-O Qc7 10. f4 a6 11. Bxc6 bxc6 12. Rhe1 h6 13. Bxf6 Bxf6 14. g4 O-O 15. h4 Qb6 16. Nf3 Rab8 17. b3 Qb4 18. Kb2 Bxc3+ 19. Qxc3 d5 20. Ne5 Be8 21. g5 f6 22. Nd3 Qxc3+ 23. Kxc3 fxg5 24. hxg5 hxg5 25. fxg5 Bg6 26. exd5 exd5 27. Ne5 Be4 28. Kb2 Rf2 29. Rc1 c5 30. Nd7 Rc8 31. Rf1 Rg2 32. Rg1 Rc7 33. Rxg2 Bxg2 34. Ne5 Re7 35. Re1 Be4 36. Nd3 Rc7 37. Nf2 Bf5 38. Re5 g6 39. Rxd5 c4 40. bxc4 Rxc4 41. Nd3 Rg4 42. Rd6 a5 43. Ra6 a4 44. Ne5 Rg2 45. Ra8+ Kg7 46. Ra7+ Kf8 47. Rxa4 Rxc2+ 48. Kb3 Rg2 49. Ra5 Be6+ 50. Kc3 Bf5 51. a4 Rg3+ 52. Kd4 Rxg5 53. Ke3 Rg1 54. Kf4 Ra1 55. Ra8+ Ke7 56. Ra7+ Kf6 57. Ra6+ Be6 58. Ng4+ Ke7 59. Ne5 Rf1+ 60. Ke4 Re1+ 61. Kf4 g5+ 62. Kxg5 Rxe5+ 63. Kf4 Re1 64. a5 Kf6 65. Rb6 Ra1 66. a6 Ra4+ 67. Ke3 Ke5 68. Rb5+ Bd5 69. Rb6 Ra3+ 70. Kd2 Kd4 71. Rb2 Bc4 72. Rc2 Rxa6 73. Rb2 Ra3 74. Rc2 Rg3 75. Rb2 Rh3 76. Rc2 Bd3 77. Rb2 Rh2+ 78. Kc1 Rh1+ 79. Kd2 Rh5 80. Rb4+ Bc4 81. Rb2 Rh3 82. Rc2 Rd3+ 83. Kc1 Bb3 84. Rd2 Kc3 85. Rxd3+ Kxd3 1/2-1/2


[Site "https://www.chess.com"]

[Event "Titled Tuesday Blitz February 22 Early 2022"]
[White "Dahanayake, Isara Banidu"]
[Black "Viskelis, Darius"]
[WhiteFideId "9932631"]
[BlackFideId "12800830"]
[WhiteElo "1394"]
[BlackElo "1999"]
[Result "1-0"]
[Round "08"]
[TimeControl "180+1"]
[Date "2022.02.22"]
[WhiteClock "0:00:31"]
[BlackClock "0:00:05"]

1. e4 Nc6 2. d4 d5 3. e5 Bf5 4. Nf3 f6 5. Bd3 Qd7 6. O-O O-O-O 7. c3 g5 8. exf6 exf6 9. b4 Bd6 10. b5 Na5 11. Qa4 b6 12. Bxf5 Qxf5 13. Nbd2 g4 14. Nh4 Qh5 15. g3 Ne7 16. Nb3 Ng6 17. Ng2 Nc4 18. Qxa7 Kd7 19. Qb7 Ne7 20. Nf4 Qf5 21. Re1 Rb8 22. Rxe7+ Kxe7 23. Qc6 Qc2 24. Nxd5+ Kf7 25. Qxc4 Qd1+ 26. Qf1 Qf3 27. Nf4 Qxc3 28. Bd2 Qf3 29. Qc4+ Kg7 30. Ne6+ Kg6 31. Qc2+ Qf5 32. Qc4 Rhe8 33. Re1 Re7 34. d5 Ra8 35. Nbd4 Qh5 36. Qd3+ Kf7 37. Nf5 Ree8 38. Nfg7 Qg6 39. Qxg6+ hxg6 40. Nxe8 Rxe8 41. Bf4 Bb4 42. Rc1 g5 43. Rxc7+ Kg6 44. Rg7+ Kf5 45. Be3 Ke4 46. Bxb6 Kxd5 47. Nc7+ Ke4 48. Nxe8 Kf3 49. Nxf6 Be1 50. Nxg4 Bxf2+ 51. Nxf2 g4 52. Rf7+ Ke2 53. Rf4 Ke1 54. Rxg4 Ke2 55. h4 Kf3 56. h5 Ke2 57. h6 Kf3 58. h7 Ke2 59. h8=Q 1-0


[Site "https://www.chess.com"]

[Event "Titled Tuesday Blitz February 22 Early 2022"]
[White "Dauner, Benedikt"]
[Black "Volkov, Maksim"]
[WhiteFideId "16225899"]
[BlackFideId "54123070"]
[WhiteElo "2230"]
[BlackElo "2081"]
[Result "1-0"]
[Round "08"]
[TimeControl "180+1"]
[Date "2022.02.22"]
[WhiteClock "0:00:04"]
[BlackClock "0:00:05"]

1. d4 d5 2. c4 e6 3. Nc3 c6 4. e4 dxe4 5. Nxe4 Bb4+ 6. Nc3 Nf6 7. Nf3 O-O 8. Be2 b6 9. O-O Bb7 10. Bg5 Nbd7 11. Rc1 h6 12. Bh4 Be7 13. Re1 Re8 14. Ne5 Rc8 15. Bf3 Nh7 16. Bg3 Nxe5 17. dxe5 Qc7 18. Ne4 Ng5 19. Nd6 Red8 20. Qe2 Rb8 21. Bh5 g6 22. Bf3 Bf8 23. Rcd1 Nxf3+ 24. Qxf3 c5 25. Qe3 Ba8 26. Bh4 g5 27. Bg3 Qc6 28. f3 a6 29. h4 Be7 30. hxg5 hxg5 31. Kf2 Kg7 32. Rh1 Rh8 33. Qd3 Rbd8 34. b3 Qc7 35. Qc3 Kg6 36. Qc2+ Kg7 37. Qc3 Bc6 38. Nf5+ Kg6 39. Nxe7+ Qxe7 40. Rxh8 Rxh8 41. Rd6 Bb7 42. Qd3+ Kg7 43. Rd7 Be4 44. fxe4 Qe8 45. Qd6 Rh6 46. Qe7 Qg8 47. Qxg5+ Rg6 48. Qf4 Qe8 49. Rd6 b5 50. Bh4 bxc4 51. Bf6+ Kg8 52. Qh4 cxb3 53. Qh8# 1-0


[Site "https://www.chess.com"]

[Event "Titled Tuesday Blitz February 22 Early 2022"]
[White "De Verdier, Michael"]
[Black "Weetik, Vjacheslav"]
[WhiteFideId "1710516"]
[BlackFideId "4153472"]
[WhiteElo "2301"]
[BlackElo "2469"]
[Result "0-1"]
[Round "08"]
[TimeControl "180+1"]
[Date "2022.02.22"]
[WhiteClock "0:00:02"]
[BlackClock "0:00:07"]

1. d4 d5 2. Nf3 e6 3. c4 c6 4. Nc3 dxc4 5. a4 Bb4 6. e3 b5 7. Bd2 a5 8. Ne5 Nf6 9. Qf3 Ra6 10. axb5 cxb5 11. Nxb5 Bxd2+ 12. Kxd2 Rb6 13. Bxc4 Bb7 14. Qe2 Nc6 15. Nxc6 Bxc6 16. Rhb1 Bxg2 17. f3 Bh3 18. Ke1 O-O 19. Rxa5 Nd5 20. Ra3 Qg5 21. Kf2 Rfb8 22. Nc3 Qh4+ 23. Kg1 Nxc3 24. Rxc3 e5 25. dxe5 Rg6+ 26. Kh1 Qg5 27. Rcc1 Bg2+ 28. Kg1 Bxf3+ 0-1


[Site "https://www.chess.com"]

[Event "Titled Tuesday Blitz February 22 Early 2022"]
[White "Dev, Shah"]
[Black "Moskvin, Anatoly"]
[WhiteFideId "35019058"]
[BlackFideId "24199990"]
[WhiteElo "2098"]
[BlackElo "2079"]
[Result "1-0"]
[Round "08"]
[TimeControl "180+1"]
[Date "2022.02.22"]
[WhiteClock "0:00:26"]
[BlackClock "0:00:05"]

1. d4 Nf6 2. c4 c5 3. d5 b5 4. cxb5 a6 5. bxa6 Bxa6 6. Nc3 g6 7. Nf3 d6 8. e4 Bxf1 9. Kxf1 Bg7 10. g3 O-O 11. Kg2 Nbd7 12. a4 Qb6 13. Qc2 Ng4 14. Nb5 f5 15. exf5 Rxf5 16. h3 Nde5 17. hxg4 Rxf3 18. Bf4 Rf8 19. g5 Qb7 20. Qe4 Qd7 21. Rh4 Rb3 22. Rah1 Rb4 23. Qc2 Qb7 24. Nc3 Rxb2 25. Qe4 Rf5 26. Rxh7 Ng4 27. Qe6+ Rf7 28. Qxg6 Rxf2+ 29. Kg1 Qc8 30. Rh8# 1-0


[Site "https://www.chess.com"]

[Event "Titled Tuesday Blitz February 22 Early 2022"]
[White "Devaev, Alexander"]
[Black "Goryachkina, Aleksandra"]
[WhiteFideId "4169395"]
[BlackFideId "4147103"]
[WhiteElo "2185"]
[BlackElo "2426"]
[Result "0-1"]
[Round "08"]
[TimeControl "180+1"]
[Date "2022.02.22"]
[WhiteClock "0:00:13"]
[BlackClock "0:00:12"]

1. d4 Nf6 2. c4 e6 3. Nf3 d5 4. cxd5 exd5 5. Nc3 c6 6. Bg5 h6 7. Bh4 Bf5 8. e3 Nbd7 9. Bd3 Bxd3 10. Qxd3 Bd6 11. O-O O-O 12. Rab1 a5 13. a3 Qe7 14. Rfc1 Rfe8 15. Ne2 a4 16. Rc2 Qe6 17. Bxf6 Nxf6 18. Rbc1 Ne4 19. Nc3 f5 20. Nd2 Rf8 21. Re1 Bc7 22. Nf1 Nd6 23. Ne2 Nc4 24. Qd1 g5 25. Nc1 Qf6 26. Nd3 f4 27. exf4 Bxf4 28. Rce2 Qxd4 29. Re6 Rf6 30. Qh5 Raf8 31. Nxf4 Qxf4 32. f3 Qd4+ 33. Kh1 Qh4 34. Ng3 Qxh5 35. Nxh5 Rxe6 36. Rxe6 d4 37. Re7 d3 38. Rd7 d2 39. h4 Rf5 40. g4 Rxf3 41. Kg2 Rf7 42. Rd8+ Kh7 43. Rd3 d1=Q 44. Rxd1 Ne3+ 45. Kg3 Nxd1 46. hxg5 hxg5 47. Kh3 Nxb2 48. Ng3 c5 49. Ne4 c4 50. Nxg5+ Kg6 51. Ne4 Re7 52. Nc3 Re3+ 0-1


[Site "https://www.chess.com"]

[Event "Titled Tuesday Blitz February 22 Early 2022"]
[White "Dovbnia, Nikita"]
[Black "Ismayil, Malak"]
[WhiteFideId "54104599"]
[BlackFideId "13412604"]
[WhiteElo "2111"]
[BlackElo "1879"]
[Result "0-1"]
[Round "08"]
[TimeControl "180+1"]
[Date "2022.02.22"]
[WhiteClock "0:00:03"]
[BlackClock "0:00:06"]

1. Nf3 Nf6 2. g3 e6 3. Bg2 d5 4. O-O Be7 5. d3 O-O 6. c4 c5 7. Nc3 d4 8. Ne4 Nxe4 9. dxe4 Nc6 10. Ne1 e5 11. Nd3 Be6 12. Qc2 Rc8 13. e3 dxe3 14. Bxe3 Nd4 15. Bxd4 exd4 16. f4 f6 17. b3 a6 18. f5 Bf7 19. Nf4 b5 20. Nd5 Bxd5 21. exd5 Bd6 22. Qd3 Qd7 23. Rfe1 Be5 24. Re2 Rb8 25. Rae1 Qd6 26. Re4 bxc4 27. bxc4 Rb4 28. R4e2 Rfb8 29. Be4 a5 30. Rc2 a4 31. Ree2 Rb1+ 32. Kg2 Qa6 33. Qd2 a3 34. Bd3 R1b2 35. Qc1 Rb1 36. Qd2 h5 37. Be4 h4 38. Qd3 Ra1 39. gxh4 Rbb1 40. h5 Rg1+ 41. Kh3 Rg5 42. Qf3 Rag1 43. Rg2 R1xg2 44. Rxg2 Rxg2 45. Qxg2 Kf8 46. h6 gxh6 47. Qg6 Qxc4 48. Qxh6+ Ke7 49. Qg7+ Kd6 50. Qf8+ Kc7 51. Qe7+ Kb6 52. Qd8+ Kb5 53. d6 Qc3+ 54. Kg4 Qe3 55. Qb8+ Ka5 56. Qa7+ Kb5 57. Qb7+ Kc4 58. d7 Qf4+ 59. Kh3 Qxh2+ 60. Kg4 Qg3+ 61. Kh5 Qg5# 0-1


[Site "https://www.chess.com"]

[Event "Titled Tuesday Blitz February 22 Early 2022"]
[White "Dubov, Daniil"]
[Black "Cherniaiev, Tykhon"]
[WhiteFideId "24126055"]
[BlackFideId "14182360"]
[WhiteElo "2791"]
[BlackElo "2289"]
[Result "1-0"]
[Round "08"]
[TimeControl "180+1"]
[Date "2022.02.22"]
[WhiteClock "0:00:10"]
[BlackClock "0:00:03"]

1. e4 c5 2. Nf3 e6 3. d4 cxd4 4. Nxd4 a6 5. Bf4 e5 6. Bxe5 Qa5+ 7. Nc3 Qxe5 8. Nf3 Qa5 9. Bc4 Bb4 10. O-O Bxc3 11. bxc3 Ne7 12. Qd6 Nbc6 13. Bd5 O-O 14. c4 Qc3 15. Qg3 Nxd5 16. cxd5 Nd4 17. Nxd4 Qxd4 18. Rfe1 Re8 19. Rad1 Qb4 20. e5 d6 21. c3 Qc5 22. exd6 Bf5 23. Re5 Bd7 24. Rde1 Qxd5 25. h4 Rxe5 26. Rxe5 Qd1+ 27. Kh2 Be6 28. Rg5 g6 29. h5 Qc2 30. h6 Qe4 31. Rc5 Rd8 32. Qg5 Rxd6 33. Qf6 Kf8 34. Rc7 Rd7 35. Rc8+ Rd8 36. Rxd8# 1-0


[Site "https://www.chess.com"]

[Event "Titled Tuesday Blitz February 22 Early 2022"]
[White "Dushyant Sharma"]
[Black "Caputcuoglu, Zeki Berke"]
[WhiteFideId "25065130"]
[BlackFideId "34548610"]
[WhiteElo "2012"]
[BlackElo "1368"]
[Result "1-0"]
[Round "08"]
[TimeControl "180+1"]
[Date "2022.02.22"]
[WhiteClock "0:01:37"]
[BlackClock "0:00:53"]

1. e4 e5 2. Nf3 Nc6 3. Nc3 Nf6 4. Bb5 Nd4 5. Ba4 c6 6. d3 a5 7. Bb3 b5 8. Nxe5 d5 9. exd5 Bd6 10. Nxc6 Nxc6 11. dxc6 O-O 12. Nxb5 Re8+ 13. Be3 Bf4 14. O-O Bxh2+ 15. Kxh2 Ng4+ 16. Kg1 Rxe3 17. Bxf7+ Kxf7 18. fxe3+ Kg8 19. Qf3 Be6 20. c7 1-0


[Site "https://www.chess.com"]

[Event "Titled Tuesday Blitz February 22 Early 2022"]
[White "Dziththauly, Ramadhan"]
[Black "Fiorito, Fabian"]
[WhiteFideId "7105525"]
[BlackFideId "100200"]
[WhiteElo "2579"]
[BlackElo "2395"]
[Result "1-0"]
[Round "08"]
[TimeControl "180+1"]
[Date "2022.02.22"]
[WhiteClock "0:00:13"]
[BlackClock "0:00:01"]

1. d4 d5 2. c4 c6 3. cxd5 cxd5 4. Nc3 Nc6 5. e4 dxe4 6. d5 Ne5 7. Qa4+ Bd7 8. Qxe4 Ng6 9. Be3 Nf6 10. Qd4 Qa5 11. Nf3 Rc8 12. Bc4 a6 13. O-O Qb4 14. b3 b5 15. Bxb5 Qxd4 16. Bxd7+ Kxd7 17. Bxd4 Nf4 18. Bxf6 exf6 19. Na4 Rc2 20. g3 Ng6 21. Nd4 Rd2 22. Rfd1 Bb4 23. Rxd2 Bxd2 24. Nc5+ Kd6 25. Nxa6 Kxd5 26. Nb5 Kc6 27. a4 Ra8 28. Nac7 Rc8 29. Rd1 Ba5 30. Rc1+ Kd7 31. Rd1+ Kc6 32. Na7+ Kxc7 33. Rc1+ Kb7 34. Nxc8 Bc7 35. Na7 Ne5 36. Nb5 Bb6 37. Rc3 Ng4 38. Nd6+ Ka6 39. Rc8 Bxf2+ 40. Kg2 Bd4 41. b4 Ne5 42. a5 Ba7 43. Ra8 1-0


[Site "https://www.chess.com"]

[Event "Titled Tuesday Blitz February 22 Early 2022"]
[White "Estrada Nieto, Julian"]
[Black "Prieto Aranguren, Alain"]
[WhiteFideId "5101018"]
[BlackFideId "2268906"]
[WhiteElo "2246"]
[BlackElo "2235"]
[Result "1/2-1/2"]
[Round "08"]
[TimeControl "180+1"]
[Date "2022.02.22"]
[WhiteClock "0:00:15"]
[BlackClock "0:00:10"]

1. e4 e5 2. Nf3 d5 3. exd5 e4 4. Ne5 Nf6 5. d4 Bd6 6. Bb5+ Nbd7 7. Bg5 O-O 8. Nxd7 Bxd7 9. Bxd7 Qxd7 10. Bxf6 gxf6 11. O-O c6 12. dxc6 bxc6 13. Nc3 f5 14. Qh5 Kh8 15. d5 cxd5 16. Nxd5 Bxh2+ 17. Qxh2 Qxd5 18. Rad1 Qe6 19. Rd6 Qe7 20. Rfd1 Qg5 21. Qe5+ f6 22. Qd4 Rf7 23. Rd8+ Rxd8 24. Qxd8+ Kg7 25. c4 f4 26. Rd7 f3 27. Rxf7+ Kxf7 28. Qd7+ Kg6 29. Qe8+ Kh6 30. Qf8+ Kh5 31. Qf7+ Kh6 32. g3 Qc1+ 33. Kh2 Qxb2 34. Qf8+ Kg6 35. Qg8+ Kf5 36. Qxh7+ Ke5 37. Qe7+ Kf5 38. Qxa7 Qe2 39. Qd7+ Kg6 40. Qg4+ Kf7 41. Qd7+ Kg6 42. Qg4+ Kf7 43. Qd7+ Kg6 1/2-1/2


[Site "https://www.chess.com"]

[Event "Titled Tuesday Blitz February 22 Early 2022"]
[White "Ezat, Mohamed"]
[Black "Bluebaum, Matthias"]
[WhiteFideId "10600906"]
[BlackFideId "24651516"]
[WhiteElo "2386"]
[BlackElo "2550"]
[Result "0-1"]
[Round "08"]
[TimeControl "180+1"]
[Date "2022.02.22"]
[WhiteClock "0:00:52"]
[BlackClock "0:01:52"]

1. d4 Nf6 2. c4 e6 3. Nc3 d5 4. cxd5 exd5 5. Bg5 c6 6. Qc2 h6 7. Bxf6 Qxf6 8. e3 Bf5 9. Bd3 Bxd3 10. Qxd3 Nd7 11. Nf3 Bd6 12. O-O O-O 13. Rab1 a5 14. a3 Rfe8 15. b4 axb4 16. axb4 b5 17. Qc2 Nb6 18. Ra1 Bxb4 19. Rxa8 Rxa8 20. e4 Bxc3 21. e5 Qe7 22. Qxc3 Nc4 23. h3 Qa3 24. Qc2 Qb2 25. Qf5 Qb4 26. e6 Qe7 27. Re1 Nd6 0-1


[Site "https://www.chess.com"]